Unix NetHack Version 5.0.0-0 post-release - last build May  4 2026 22:22:43 (774f63e81ad911689b3a0859ea89b322d5daca8d,branch:main).

Game began 2026-05-04 15:56:33, ended 2026-05-07 22:03:44.

Japes, lawful female human Valkyrie

                            ------------------------
                            |..^...................|
                            |..-------------------.|
                          ----.|    -----        |.|
                          |..|.--  --...|        |.|
                          |.....|--|....|        |.|
                          |...1.|..|....|        |.|
                          --0...|.....0--        |.|
                           |.......|...|   ------|.|
                           |....|..|...| --|.....|%|
                           |....---|...| |.-.....|.|
                           |....e..|..-- |-|....%|.|
                           ----.0..|.--  |`-....%[.|
                              ---.--.|   |-|.....|--
                               |.....|   |.-..%..|
                               |>.|..|   --|.....|
                               -------     -------

Japes the Woman-at-arms     St:17 Dx:16 Co:18 In:9 Wi:13 Ch:10  Lawful
Dlvl:2  $:3059 HP:0(101) Pw:25(25) AC:-5 Xp:11/10767 T:10349  Burdened

Latest messages:
 The scroll turns to dust as you pick it up.
 You have a little trouble lifting a bag called holding.  Continue? [ynq] (q)
 You have a little trouble lifting g - a bag called holding.
 Your movements are slowed slightly because of your load.
 You see here a giant beetle corpse.
 There are several objects here.
 Click!  You trigger a rolling boulder trap!
 No boulder was released.
 Really save? [yn] (n)
 Saving...
 Restoring save file...
 Velkommen Japes, the human Valkyrie, welcome back to NetHack!
 Your movements are slowed slightly because of your load.
 You hit the housecat!
 The housecat misses!
 You kill the housecat!
 You hit the snake!
 The snake bites!
 The snake bites!
 You hit the snake!
 The snake misses!
 You kill the snake!
 The water elemental just misses!
 The water elemental hits!
 You hit the water elemental!
 You hit the water elemental!
 You kill the water elemental!
 You hit the floating eye!
 You are frozen by the floating eye's gaze!
 It hits!
 It hits!
 It hits!
 It hits!
 It hits!
 It hits!
 It hits!
 It hits!
 It just misses!
 It hits!
 It hits!
 You see the snake slither under a corpse.
 It hits!
 It hits!
 It hits!
 It hits!
 It hits!
 It hits!
 You die...
 Do you want your possessions identified? [ynq] (y)
 Do you want to see your attributes? [ynq] (y)

Inventory:
 Coins    ('$')
  $ - 3059 gold pieces
 Weapons  (')')
  a - the blessed rustproof +1 Excalibur (weapon in right hand)
 Armor    ('[')
  B - an uncursed rusty +2 orcish helm (being worn)
  q - an uncursed +0 pair of elven boots (being worn)
  c - an uncursed +3 small shield (being worn)
  D - an uncursed burnt +0 cloak of protection (being worn)
  I - an uncursed +0 banded mail (being worn)
 Rings    ('=')
  T - an uncursed ring of poison resistance (on left hand)
  v - an uncursed ring of warning (on right hand)
 Wands    ('/')
  d - a wand of cancellation (0:5)
  J - a wand of magic missile (0:0)
  N - a wand of make invisible (0:3)
  K - a wand of striking (0:0)
  s - a wand of teleportation (0:3)
 Tools    ('(')
  b - an uncursed bag of holding containing 38 items
  g - an uncursed bag of holding containing 1 item
  V - an empty uncursed sack
  k - an uncursed skeleton key
  i - an uncursed tin whistle

Contents of the bag of holding:
  241 gold pieces
  an uncursed amulet of flying
  4 +0 daggers
  an uncursed +1 mummy wrapping
  an uncursed venti hot decaf vanilla latte
  3 uncursed food rations
  an uncursed fortune cookie
  3 uncursed tripe rations
  an uncursed egg
  an uncursed scroll of create monster
  2 uncursed scrolls of earth
  an uncursed scroll of identify
  a blessed scroll of magic mapping
  a blessed scroll of teleportation
  an uncursed scroll of teleportation
  an uncursed potion of booze
  a blessed potion of enlightenment
  an uncursed potion of enlightenment
  an uncursed potion of fruit juice
  a blessed potion of gain energy
  4 uncursed potions of healing
  4 uncursed potions of object detection
  an uncursed potion of water
  a potion of unholy water
  an uncursed ring of searching
  a wand of cold (0:7)
  a blessed wand of create monster (0:11)
  a wand of create monster (0:12)
  a wand of digging (0:4)
  a wand of probing (0:5)
  a wand of sleep (0:7)
  an uncursed oil lamp
  a +0 pick-axe
  an uncursed stethoscope
  2 uncursed chrysoberyl stones
  an uncursed fluorite stone
  an uncursed sapphire
  an uncursed worthless piece of black glass

Contents of the bag of holding:
  18 gold pieces

Japes the Valkyrie's attributes:

Background:
 You were a Woman-at-arms, a level 11 human Valkyrie.
 You were lawful, on a mission for Tyr
 who was opposed by Odin (neutral) and Loki (chaotic).
 You were right-handed.
 You were in Sokoban, on level 2.
 You entered the dungeon 10349 turns ago.
 It was nighttime.
 You had 10767 experience points, 9233 more were needed to attain level 12.

Basics:
 You had 0 out of 101 hit points.
 You had all 25 energy points (spell power).
 Your armor class was -5.
 Your wallet contained 3059 zorkmids, and
 you had 259 more stashed away in your pack.
 Autopickup was on for '$' plus thrown.

Final Characteristics:
 Your strength was 17 (peak:18/04, limit:18/100).
 Your dexterity was 16 (limit:18).
 Your constitution was 18 (limit:18).
 Your intelligence was 9 (limit:18).
 Your wisdom was 13 (limit:18).
 Your charisma was 10 (limit:18).

Final Status:
 You weren't hungry.
 You were burdened; movement was slightly slowed.
 You were wielding a long sword.
 You had basic skill with long sword and could have enhanced that.

Final Attributes:
 You were piously aligned.
 You were cold resistant.
 You were poison resistant.
 You were level-drain resistant.
 You were telepathic.
 You were warned.
 You had automatic searching.
 You were invisible.
 You were stealthy.
 You were protected.
 Your spell casting was impaired by metallic armor.
 You were fast.
 You are dead.

Miscellaneous:
 You didn't encounter any bones levels.
 Total elapsed playing time was 3 hours, 22 minutes and 46 seconds.

Major events:
 Turn
    1: Japes the lawful human Valkyrie entered the dungeon
  863: attained the rank of Skirmisher (level 3)
 1115: entered the Gnomish Mines
 2897: attained the rank of Fighter (level 6)
 4448: was given Excalibur by the Lady of the Lake
 5256: entered Sokoban
 5480: completed 1st Sokoban level
 5725: completed 2nd Sokoban level
 6092: completed 3rd Sokoban level
 6761: completed 4th Sokoban level
 8431: reached Mine Town
 9165: attained the rank of Woman-at-arms (level 10)
10201: acquired the Sokoban bag of holding
10349: killed by an invisible stalker, while frozen by a floating eye's gaze

Spells:
 Name                 Level Category     Fail Retention
 detect food            2   divination   100%   51%-75%

Skills:
 Fighting Skills
   bare handed combat [Unskilled]
   two weapon combat  [Unskilled]
   riding             [Unskilled]
 Weapon Skills
   dagger             [Basic]
   axe                [Unskilled]
   pick-axe           [Unskilled]
   short sword        [Unskilled]
   broadsword         [Unskilled]
   long sword         [Basic]
   two-handed sword   [Unskilled]
   saber              [Unskilled]
   hammer             [Unskilled]
   quarterstaff       [Unskilled]
   polearms           [Unskilled]
   spear              [Basic]
   trident            [Unskilled]
   lance              [Unskilled]
   sling              [Unskilled]
 Spellcasting Skills
   attack spells      [Unskilled]
   escape spells      [Unskilled]

Voluntary challenges:
 Character rerolling was not enabled.
 You never genocided any monsters.
 You never polymorphed an object.
 You used no wishes.
 You did not violate any of the special Sokoban rules.
Achievements:
 You entered a shop.
 You attained the rank of Skirmisher.
 You entered the Gnomish Mines.
 You attained the rank of Fighter.
 You entered Sokoban.
 You entered Minetown.
 You attained the rank of Woman-at-arms.
 You completed Sokoban.

 The Dungeons of Doom: levels 1 to 6
    Level 1:
       An altar.
    Level 2:
       An armor shop.
    Level 3:
       An armor shop, a fountain.
       Stairs down to The Gnomish Mines.
    Level 4:
       A fountain.
    Level 5:
       Many fountains.
       Oracle of Delphi.
    Level 6:
       A grave.
       Stairs up to Sokoban, level 5.
 The Gnomish Mines: levels 4 to 8
    Level 4:
    Level 5:
    Level 6:
    Level 7:
       An altar to Tyr, some fountains.
    Level 8:
 Sokoban: levels 5 up to 2
    Level 2: <- You were here.
       Solved.
       Final resting place for
          you, killed by an invisible stalker, while frozen by a floating eye's gaze.
    Level 3:
       Solved.
    Level 4:
       Solved.
    Level 5:
       Solved.


Vanquished creatures:
  a ghost
  3 giant mimics
  a water elemental
  2 wargs
 an ogre leader
  a flaming sphere
 an ochre jelly
 an elf mummy
  2 pythons
  2 wraiths
 an amorous demon
  2 chameleons
  a crocodile
  2 giant beetles
  a quivering blob
  6 wolves
  a gremlin
  a leprechaun
  6 orc-captains
  a mumak
  a giant spider
  a scorpion
  a horse
  a black light
  2 vampire bats
  a gnome ruler
 an orc mummy
  a dwarf mummy
  a brown pudding
  a rust monster
  2 owlbears
  3 lizards
  2 dingoes
  a dog
  2 housecats
  a jaguar
  3 dust vortices
  2 snakes
 an ape
  2 rope golems
  a fire ant
  2 imps
  a wood nymph
  a water nymph
  2 mountain nymphs
  4 Mordor orcs
 13 Uruk-hai
  3 orc shamans
  a rock piercer
  a pony
  2 yellow lights
  a shrieker
  a violet fungus
  9 gnome leaders
  a gnomish wizard
  2 gray oozes
 an elf zombie
  a ghoul
  7 giant ants
  6 floating eyes
  a kitten
  5 dwarves
  3 homunculi
 28 hill orcs
  9 rothes
  2 rabid rats
  3 giant bats
  a monkey
  2 dwarf zombies
  2 wererats
  3 werejackals
 an iguana
  2 acid blobs
  2 gas spores
 10 manes
  4 large kobolds
  2 hobgoblins
  4 giant rats
  4 cave spiders
  3 yellow molds
  3 red molds
 33 gnomes
  5 geckos
 15 jackals
  2 foxes
  a kobold
  4 goblins
  2 sewer rats
  5 grid bugs
  2 bats
 11 lichens
  a kobold zombie
  8 newts
310 creatures vanquished.

No species were genocided or became extinct.

Game over:
                       ----------
                      /          \
                     /    REST    \
                    /      IN      \
                   /     PEACE      \
                  /                  \
                  |      Japes       |
                  |     3318 Au      |
                  |   killed by an   |
                  |    invisible     |
                  |     stalker      |
                  |                  |
                  |       2026       |
                 *|     *  *  *      | *
        _________)/\\_//(\/(/\)/\//\/|_)_______

Farvel Japes the Valkyrie...

You died in Sokoban on dungeon level 2 with 25515 points,
and 3318 pieces of gold, after 10349 moves.
You were level 11 with a maximum of 101 hit points when you died.

